 Dungeon Crawl Stone Soup version 0.30-a0-50-gb2d611f6b1 (webtiles) character file.

Game seed: 5814664261810857641

1 jlumianski the Ducker (level 1, -4/16 HPs)
             Began as a Demonspawn Gladiator on Sept 4, 2022.
             Succumbed to a goblin's poison
             ... on level 1 of the Dungeon.
             The game lasted 00:00:52 (131 turns).

jlumianski the Ducker (Demonspawn Gladiator)         Turns: 131, Time: 00:00:53

Health: -4/16      AC:  4    Str: 14    XL:     1   Next: 16%
Magic:  1/1        EV: 12    Int:  9    God:
Gold:   21         SH:  0    Dex: 14    Spells: 0/0 levels left

rFire   . . .      SeeInvis .    a - +0 war axe
rCold   . . .      Faith    .    (no shield)
rNeg    . . .      Spirit   .    b - +0 leather armour
rPois   .          Reflect  .    c - +0 helmet
rElec   .          Harm     .    (no cloak)
rCorr   .          Rampage  .    (no gloves)
Will    .....                    (no boots)
Stlth   +.........               (no amulet)
HPRegen 0.05/turn                (no ring)
MPRegen 0.07/turn                (no ring)

@: lethally poisoned (-4 -> -29), hasted, very quick
A: no striking features
a: no special abilities


You were on level 1 of the Dungeon.
You visited 1 branch of the dungeon, and saw 1 of its levels.

You collected 21 gold pieces.

Inventory:

Hand Weapons
 a - a +0 war axe (weapon)
Missiles
 d - 3 throwing nets (quivered)
 e - a javelin
Armour
 b - a +0 leather armour (worn)
 c - a +0 helmet (worn)
 g - a +0 scale mail


   Skills:
 + Level 2.0 Fighting
 + Level 2.7 Axes
 + Level 1.7 Throwing
 + Level 2.7 Dodging


You couldn't memorise any spells.
You didn't know any spells.
Your spell library contained the following spells:

 Spells                   Type           Power      Damage    Failure   Level
 Summon Small Mammal      Summ           0%         N/A       45%         1
 Call Canine Familiar     Summ           0%         N/A       83%         3
 Summon Guardian Golem    Hex/Summ       0%         N/A       83%         3


Dungeon Overview and Level Annotations

Branches:
Dungeon (1/15)

Altars:


Message History

You open the gate.
There is an open gate here.
You now have 7 gold pieces.
You pick up a book of Callings and begin reading...
You add the spells Summon Small Mammal, Call Canine Familiar and Summon Guardian Golem to your library.
Found a scale mail.
Found 14 gold pieces.
You see here a +0 scale mail.
g - a +0 scale mail You now have 21 gold pieces (gained 14).
A bat comes into view.
The bat barely misses you.
You slash the bat!
You kill the bat!
A goblin comes into view. It is wielding a +0 dagger of venom.
The goblin shouts!
Found a large fluorescent amulet.
The goblin barely misses you.
You barely miss the goblin. The goblin closely misses you.
You barely miss the goblin. The goblin closely misses you.
The goblin hits you but does no damage.
You are poisoned.
You barely miss the goblin.
You feel very sick.
A ball python comes into view.
The goblin hits you with a +0 dagger of venom.
You are lethally poisoned!
You barely miss the goblin.
You feel very sick. The goblin hits you but does no damage.
You are more poisoned.
You closely miss the goblin.
* * * LOW HITPOINT WARNING * * *
You feel very sick.
The ball python hisses angrily.
The goblin hits you but does no damage.
You are more poisoned.
The goblin barely misses you.
It was a potion of haste.
You feel yourself speed up.
You die...

#####.###.###.......#......
#.....# #..#....#......
###.### #..##...####### #.#
#..###... #.# #..# ##.. #.#
##.# ##.## # #...####..###
#....@g...".. #...#........
#####S####### #.. #..# #..#
#..# #..#


You could see a goblin and a ball python.

Vanquished Creatures
  A bat (D:1)
1 creature vanquished.

Notes
Turn   | Place    | Note
-------+----------+-------------------------------------------
     0 | D:1      | jlumianski the Demonspawn Gladiator began the quest for the
                  | Orb.
     0 | D:1      | Reached XP level 1. HP: 16/16 MP: 1/1
   131 | D:1      | Succumbed to a goblin's poison

Illustrated notes

Levels and vault maps discovered:
D:1:      lemuel_arrival_funnel, layout_loops_ring,
          hellmonk_ecumenical_altar_arch_garden, serial_shops, shop

Action                   || total
-------------------------++-------
Melee: War axe           ||     6
  Use: Potion            ||     1
Armor: Leather armour    ||     3
Dodge: Dodged            ||     5

Table legend: (Time is in decaauts)
 A = Elapsed time spent in this place.
 B = Non-inter-level travel time spent in this place.
 C = Inter-level travel time spent in this place.
 D = Time resting spent in this place.
 E = Time spent auto-exploring this place.
 F = Levels seen in this place.
 G = Mean time per level.
                   A        B        C        D        E       F      G
               +--------+--------+--------+--------+--------+-----+--------+
         Total |    133 |    133 |      0 |      0 |    103 |   1 |  133.0 |
       Dungeon |    133 |    133 |      0 |      0 |    103 |   1 |  133.0 |
               +--------+--------+--------+--------+--------+-----+--------+

Top non-repeatable levels by time:
     D:1: 133 daAuts
